 Dungeon Crawl Stone Soup version 0.25.0-11-g1f837a76a1 (webtiles) character file.

Game seed: 3180120701661626677

133 DungeonDestroyer the Shield-Bearer (level 5, -3/47 HPs)
             Began as a Gnoll Fighter on June 26, 2020.
             Was an Initiate of the Shining One.
             Slain by a crocodile (5 damage)
             ... in a sewer.
             The game lasted 00:02:39 (1915 turns).

DungeonDestroyer the Shield-Bearer (Gnoll Fighter)  Turns: 1915, Time: 00:02:39

Health: -3/47      AC:  7    Str: 19      XL:     5   Next: 16%
Magic:  7/7        EV:  8    Int: 10      God:    the Shining One [......]
Gold:   134        SH: 10    Dex: 14 (15) Spells: 6/6 levels left

rFire    . . .     SeeInvis .   a - +0 war axe
rCold    . . .     Gourm    .   c - +0 kite shield
rNeg     . . .     Faith    .   b - +0 scale mail
rPois    .         Spirit   .   (no helmet)
rElec    .         Reflect  .   (no cloak)
rCorr    .         Harm     .   (no gloves)
MR       .....                  (no boots)
Stlth    ..........             (no amulet)
HPRegen  0.15/turn              (no ring)
MPRegen  0.10/turn              (no ring)

@: glowing
A: distributed training, fangs 1, strong nose
a: Renounce Religion


You were in a sewer.
You worshipped the Shining One.
The Shining One was noncommittal.
You were not hungry.

You visited 1 branch of the dungeon, and saw 3 of its levels.
You also visited: Sewer.

You collected 134 gold pieces.

Inventory:

Hand Weapons
 a - a +0 war axe (weapon)
 g - a +0 mace
Missiles
 h - 43 stones (quivered)
 j - 107 arrows
 k - 40 bolts
 m - a throwing net
 n - 5 atropa-tipped darts
 p - 7 poisoned darts
Armour
 b - a +0 scale mail (worn)
 c - a +0 kite shield (worn)
Scrolls
 i - 3 scrolls of teleportation
 o - 3 scrolls of identify
 q - a scroll of blinking {unknown}
Potions
 d - 3 potions of might
 e - 6 potions of curing
 r - a potion of heal wounds
Comestibles
 f - 4 rations
 l - 6 chunks of flesh


   Skills:
 + Level 6.6 Fighting
 + Level 1.3 Short Blades
 + Level 1.3 Long Blades
 + Level 4.7 Axes
 + Level 1.3 Maces & Flails
 + Level 1.3 Polearms
 + Level 1.3 Staves
 + Level 1.3 Slings
 + Level 1.3 Bows
 + Level 1.3 Crossbows
 + Level 1.3 Throwing
 + Level 6.6 Armour
 + Level 1.3 Dodging
 + Level 1.3 Stealth
 + Level 6.6 Shields
 + Level 1.3 Unarmed Combat
 + Level 1.3 Spellcasting
 + Level 1.1 Conjurations
 + Level 1.1 Hexes
 + Level 1.1 Charms
 + Level 1.1 Summonings
 + Level 1.1 Necromancy
 + Level 1.1 Translocations
 + Level 1.1 Transmutations
 + Level 1.1 Fire Magic
 + Level 1.1 Ice Magic
 + Level 1.1 Air Magic
 + Level 1.1 Earth Magic
 + Level 1.1 Poison Magic
 + Level 1.5 Invocations
 + Level 1.3 Evocations


You had 6 spell levels left.
You didn't know any spells.
Your spell library was empty.

Dungeon Overview and Level Annotations

Branches:
Dungeon (3/15)              Sewer (1/1)

Altars:
The Shining One


Innate Abilities, Weirdness & Mutations

Your experience applies equally to all skills.
You have very sharp teeth.
Your uncanny sense of smell can sniff out nearby items.


Message History

You barely miss the crocodile.
The crocodile is severely wounded.
The crocodile bites you.
* * * LOW HITPOINT WARNING * * *
The crocodile barely misses you.
Unknown command.
You hit the crocodile but do no damage.
The crocodile is severely wounded.
The crocodile barely misses you.
Unknown command.
Unknown command.
Unknown command.
Your shield and scale mail prevent you from hitting the crocodile.
The crocodile is severely wounded.
The crocodile barely misses you.
Unknown command.
You closely miss the crocodile.
The crocodile is severely wounded.
The crocodile bites you.
You die...

##### #
#$$#. $∆
$.#≈#.∆
#≈≈.#
##≈≈.##
#≈..≈.#
#..≈≈t##
#...#..@#
#.. ##..##
#.≈ #.≈.#
#≈ ##..# #
#..# #..
#..# #..#
##≈.# #...
#≈..#
#..###≈≈##


You could see a crocodile.

Vanquished Creatures
  An orc priest (D:3)
  An orc wizard (D:3)
  2 adders (D:2)
  3 dart slugs
  2 leopard geckos
  4 orcs (D:3)
  5 giant cockroaches
  5 goblins (D:1)
  6 hobgoblins
  2 jackals (Sewer)
  7 kobolds
  A ball python (D:1)
  2 bats (D:1)
  2 frilled lizards
  4 rats
47 creatures vanquished.

Notes
Turn   | Place    | Note
-------+----------+-------------------------------------------
     0 | D:1      | DungeonDestroyer the Gnoll Fighter began the quest for the
                  | Orb.
     0 | D:1      | Reached XP level 1. HP: 23/23 MP: 1/1
   507 | D:1      | Reached XP level 2. HP: 29/29 MP: 2/2
   783 | D:1      | Reached XP level 3. HP: 35/35 MP: 3/3
   895 | D:1      | Found a glowing golden altar of the Shining One.
  1026 | D:1      | Became a worshipper of the Shining One
  1370 | D:2      | Reached skill level 1 in Invocations
  1381 | D:2      | Reached skill level 1 in Short Blades
  1381 | D:2      | Reached skill level 1 in Long Blades
  1381 | D:2      | Reached skill level 1 in Maces & Flails
  1381 | D:2      | Reached skill level 1 in Polearms
  1381 | D:2      | Reached skill level 1 in Staves
  1381 | D:2      | Reached skill level 1 in Slings
  1381 | D:2      | Reached skill level 1 in Bows
  1381 | D:2      | Reached skill level 1 in Crossbows
  1381 | D:2      | Reached skill level 1 in Throwing
  1381 | D:2      | Reached skill level 1 in Dodging
  1381 | D:2      | Reached skill level 1 in Stealth
  1381 | D:2      | Reached skill level 1 in Unarmed Combat
  1381 | D:2      | Reached skill level 1 in Spellcasting
  1381 | D:2      | Reached skill level 1 in Evocations
  1696 | D:3      | Reached XP level 4. HP: 41/41 MP: 5/5
  1716 | D:3      | Reached skill level 1 in Conjurations
  1716 | D:3      | Reached skill level 1 in Hexes
  1716 | D:3      | Reached skill level 1 in Charms
  1716 | D:3      | Reached skill level 1 in Summonings
  1716 | D:3      | Reached skill level 1 in Necromancy
  1716 | D:3      | Reached skill level 1 in Translocations
  1716 | D:3      | Reached skill level 1 in Transmutations
  1716 | D:3      | Reached skill level 1 in Fire Magic
  1716 | D:3      | Reached skill level 1 in Ice Magic
  1716 | D:3      | Reached skill level 1 in Air Magic
  1716 | D:3      | Reached skill level 1 in Earth Magic
  1716 | D:3      | Reached skill level 1 in Poison Magic
  1718 | D:3      | Reached XP level 5. HP: 31/47 MP: 6/6
  1773 | D:3      | Found a glowing drain.
  1791 | Sewer    | Entered a sewer
  1902 | Sewer    | Noticed a crocodile
  1912 | Sewer    | HP: 2/47 [crocodile (6)]
  1915 | Sewer    | Slain by a crocodile

Illustrated notes

Levels and vault maps discovered:
D:1:      matt_arrival_spirals, layout_basic, tso_metal_star
D:2:      layout_rooms, minmay_quantized
D:3:      layout_loops_ring, gup_sewer_entry_glass, skrybe_limestone_x,
          lemuel_angel_altar
Sewer:    sewer_the_crocodile

Skill      XL: |  1  2  3  4 |
---------------+-------------+-----
Invocations    | 1 |  1.5
Short Blades   | 1 |  1.3
Long Blades    | 1 |  1.3
Maces & Flails | 1 |  1.3
Polearms       | 1 |  1.3
Staves         | 1 |  1.3
Slings         | 1 |  1.3
Bows           | 1 |  1.3
Crossbows      | 1 |  1.3
Throwing       | 1 |  1.3
Dodging        | 1 |  1.3
Stealth        | 1 |  1.3
Unarmed Combat | 1 |  1.3
Spellcasting   | 1 |  1.3
Evocations     | 1 |  1.3
Conjurations   | 1 |  1.1
Hexes          | 1 |  1.1
Charms         | 1 |  1.1
Summonings     | 1 |  1.1
Necromancy     | 1 |  1.1
Translocations | 1 |  1.1
Transmutations | 1 |  1.1
Fire Magic     | 1 |  1.1
Ice Magic      | 1 |  1.1
Air Magic      | 1 |  1.1
Earth Magic    | 1 |  1.1
Poison Magic   | 1 |  1.1
Fighting       | |  6.6
Axes           | |  4.7
Armour         | |  6.6
Shields        | |  6.6

Action                   |  1- 3 |  4- 6 || total
-------------------------+-------+-------++-------
Melee: War axe           |    88 |    39 ||   127
       Bite              |    11 |     6 ||    17
  Use: Scroll            |     5 |       ||     5
       Potion            |     3 |       ||     3
  Eat: Chunk             |     3 |       ||     3
Armor: Scale mail        |    25 |    12 ||    37
Dodge: Dodged            |    27 |    18 ||    45
Block: Kite shield       |    50 |    17 ||    67
